 Dungeon Crawl Stone Soup version 0.22-a0-248-gc8378ba (webtiles) character file.

32 Amnesiac the Cutter (level 3, -1/22 HPs)
             Began as a Deep Elf Berserker on Feb 28, 2018.
             Was a Follower of Trog.
             Slain by a leopard gecko (4 damage)
             ... on level 3 of the Dungeon.
             The game lasted 00:02:11 (936 turns).

Amnesiac the Cutter (Deep Elf Berserker)             Turns: 936, Time: 00:02:12

Health: -1/22      AC:  3    Str: 15    XL:     3   Next: 10%
Magic:  5/5        EV: 12    Int: 11    God:    Trog [*.....]
Gold:   70         SH:  0    Dex: 14    Spells: 2/2 levels left

rFire    . . .     SeeInvis .   a - +0 short sword
rCold    . . .     Gourm    .   (no shield)
rNeg     . . .     Faith    .   i - +0 leather armour
rPois    .         Spirit   .   (no helmet)
rElec    .         Reflect  .   (no cloak)
rCorr    .         Harm     .   (no gloves)
MR       .....                  (no boots)
Stlth    +.........             (no amulet)
HPRegen  0.07/turn              (no ring)
MPRegen  0.09/turn              (no ring)

@: no status effects
A: no striking features
a: Berserk, Renounce Religion


You were on level 3 of the Dungeon.
You worshipped Trog.
Trog was aware of your devotion.
You were not hungry.

You visited 1 branch of the dungeon, and saw 3 of its levels.

You collected 70 gold pieces.

Inventory:

Hand Weapons
 a - a +0 short sword (weapon)
Armour
 i - a +0 leather armour (worn)
Scrolls
 d - 2 scrolls of enchant armour {!r, unknown}
 e - a scroll of identify {!r, unknown}
 g - a scroll of teleportation {!r, unknown}
Potions
 f - a potion of brilliance {!q, unknown}
 h - a potion of degeneration {!q, unknown}
Comestibles
 b - 4 chunks of flesh
 c - 2 rations


   Skills:
 - Level 2.4 Fighting
 + Level 4.3 Short Blades
 - Level 1.5 Armour
 - Level 2.4 Dodging


You had 2 spell levels left.
You didn't know any spells.

Dungeon Overview and Level Annotations

Branches:
Dungeon (3/15)

Altars:
Fedhas


Message History

You kill the rat!
Trog accepts your kill.
You see here a rat corpse.
You enter the shallow water.
Moving in this stuff is going to be slow.
There isn't anything here!
You see here a rat corpse.
You butcher the rat corpse.
b - 4 chunks of flesh (gained 1)
You start resting.
You hear the rusting of a drain.
You start resting.
You hear the brisk rusting of a drain.
You enter the shallow water.
Moving in this stuff is going to be slow.
A giant cockroach comes into view.
The giant cockroach misses you.
You closely miss the giant cockroach.
The giant cockroach bites you but does no damage.
Your unstable footing causes you to fumble your attack.
The giant cockroach bites you but does no damage.
Your unstable footing causes you to fumble your attack.
The giant cockroach closely misses you.
You barely miss the giant cockroach.
The giant cockroach bites you but does no damage.
Your unstable footing causes you to fumble your attack.
The giant cockroach bites you.
You hit the giant cockroach but do no damage.
The giant cockroach misses you.
Your unstable footing causes you to fumble your attack.
The giant cockroach bites you but does no damage.
You hit the giant cockroach.
You kill the giant cockroach!
Trog accepts your kill.
A leopard gecko comes into view.
The leopard gecko hisses angrily.
Your unstable footing causes you to fumble your attack.
The leopard gecko misses you. The leopard gecko barely misses you.
The leopard gecko bites you. The leopard gecko bites you.
* * * LOW HITPOINT WARNING * * *
The leopard gecko bites you.
* * * LOW HITPOINT WARNING * * *
The leopard gecko misses you.
You barely miss the leopard gecko.
The leopard gecko completely misses you.
You barely miss the leopard gecko. The leopard gecko closely misses you.
You closely miss the leopard gecko. The leopard gecko barely misses you.
You hit the leopard gecko but do no damage.
The leopard gecko misses you.
You closely miss the leopard gecko. The leopard gecko closely misses you.
You hit the leopard gecko.
The leopard gecko is almost dead.
The leopard gecko bites you.
* * * LOW HITPOINT WARNING * * *
You hit the leopard gecko but do no damage.
The leopard gecko is almost dead.
The leopard gecko bites you.
* * * LOW HITPOINT WARNING * * *
You closely miss the leopard gecko.
The leopard gecko is almost dead.
The leopard gecko misses you. The leopard gecko bites you.
You die...

## #.#..........w......#.#
.###............#......#.#
.........................
.##.......############.####.#
###.......+.................#
# #.......#############.#####
# #...##### ####............#
# #..##≈≈####≈≈##........##.#
#
#..#≈≈≈≈≈≈≈≈≈l@.............
#####≈≈####≈≈##.........#.##
#≈# ####.....>....# # #≈
###.######.# # #.# ## #.# #.#
#.#


You could see a leopard gecko.

Vanquished Creatures
  An adder (D:2)
  An ooze (D:2)
  2 dart slugs
  3 giant cockroaches (D:3)
  A quokka (D:2)
  A bat (D:3)
  3 frilled lizards (D:2)
  3 kobolds (D:1)
  2 rats
17 creatures vanquished.

Notes
Turn   | Place    | Note
-------+----------+-------------------------------------------
     0 | D:1      | Amnesiac the Deep Elf Berserker began the quest for the Orb.
     0 | D:1      | Reached XP level 1. HP: 13/13 MP: 3/3
   162 | D:2      | Reached XP level 2. HP: 15/18 MP: 4/4
   469 | D:2      | Reached skill level 4 in Short Blades
   602 | D:3      | Found a blossoming altar of Fedhas.
   825 | D:3      | Reached XP level 3. HP: 10/22 MP: 5/5
   936 | D:3      | Slain by a leopard gecko

Vault maps used:
D:1:      matt_arrival_refuge, minmay_misc_feat_five
D:2:      nicolae_qazlal_general_emergency
D:3:      fedhas_altar_2, gup_sewer_entry_bubbles, uniq_natasha

Skill      XL: |  1  2 |
---------------+-------+-----
Short Blades   | 4 |  4.3
Fighting       | |  2.4
Armour         | |  1.5
Dodging        | |  2.4

Action                   || total
-------------------------++-------
Melee: Short sword       ||    93
Invok: Berserk           ||     1
  Eat: Chunk             ||     1
Armor: Animal skin       ||    11
       Leather armour    ||     5
Dodge: Dodged            ||    63

Table legend:
 A = Spawn XP
 B = Non-spawn XP
 C = Spawn XP percentage of total XP
 D = Spawn monster count
 E = Non-spawn monster count
 F = Spawn count percentage of total count
 G = Total turns spent on level
                    A         B        C        D         E        F      G
               +---------+---------+-------+---------+---------+-------+---------
         Total |       0 |      47 |   0.0 |       0 |      17 |   0.0 |   936
               +---------+---------+-------+---------+---------+-------+---------
           D:1 |       0 |       6 |   0.0 |       0 |       4 |   0.0 |   119
           D:2 |       0 |      29 |   0.0 |       0 |       7 |   0.0 |   428
           D:3 |       0 |      12 |   0.0 |       0 |       6 |   0.0 |   389
               +---------+---------+-------+---------+---------+-------+---------
